Map: Pillars of Gold LE

Players

Darkness

  • Race: Protoss Protoss
  • League: Master
  • Spawn Location: 7:00

JimRising - Winner!

  • Race: Zerg Zerg
  • League: Grandmaster
  • Spawn Location: 1:00

Event: DreamHack SC2 Masters 2020 Fall

VOD

Have the link to the VOD?

Description

Time

  • Played on: Aug. 27, 2020, 4:12 p.m.
  • Length: 10:23

All games in this series

Show
View Real Time Build Order
Export as new Build Order

Darkness Protoss 

Build Orders: 1 Gate Expand, Oracle Opening 

Get SALT Encoding   

  12  0:00  Probe  
  13  0:12  Probe  
  14  0:18  Pylon  
  14  0:25  Probe (Chrono Boost)  
  15  0:37  Probe (Chrono Boost)  
  15  0:39  Gateway  
  16  0:46  Probe (Chrono Boost)  
  17  0:50  Assimilator  
  17  0:51  Probe  
  18  1:03  Probe  
  19  1:15  Probe  
  20  1:28  Nexus  
  20  1:40  Cybernetics Core  
  20  1:44  Probe  
  21  1:50  Assimilator  
  21  1:56  Probe  
  21  1:59  Pylon  
  22  2:08  Probe  
  22  2:14  Adept (Chrono Boost)  
  23  2:16  Warp Gate  
  23  2:20  Probe  
  26  2:27  Stargate  
  26  2:33  Probe  
  26  2:34  Adept (Chrono Boost)  
  27  2:42  Probe  
  30  2:46  Probe  
  31  2:54  Probe  
  31  2:58  Probe  
  33  3:02  Gateway  
  33  3:07  Probe  
  33  3:09  Oracle (Chrono Boost)  
  33  3:10  Probe  
  38  3:19  Probe  
  39  3:22  Probe  
  39  3:24  Pylon  
  40  3:31  Probe  
  41  3:34  Probe  
  41  3:36  Oracle (Chrono Boost)  
  41  3:40  Assimilator  
  45  3:44  Probe, Pylon  
  45  3:46  Probe  
  47  3:56  Probe  
  47  3:57  Void Ray (Chrono Boost)  
  47  3:58  Probe  
  49  4:08  Probe  
  54  4:10  Probe  
  54  4:15  Adept x2  
  59  4:17  Pylon  
  59  4:18  Assimilator  
  59  4:20  Probe  
  59  4:22  Probe  
  61  4:32  Probe  
  61  4:35  Probe  
  60  4:44  Probe  
  61  4:46  Nexus  
  61  4:47  Probe  
  61  4:50  Pylon  
  62  4:53  Robotics Facility  
  62  4:56  Probe (Chrono Boost)  
  62  4:58  Sentry x2  
  62  4:59  Probe (Chrono Boost)  
  68  5:08  Probe (Chrono Boost)  
  68  5:11  Probe (Chrono Boost)  
  68  5:14  Shield Battery  
  70  5:15  Twilight Council, Probe (Chrono Boost)  
  70  5:16  Forge, Probe (Chrono Boost)  
  72  5:23  Probe  
  72  5:25  Probe, Pylon  
  74  5:35  Probe  
  75  5:37  Probe  
  75  5:42  Observer (Chrono Boost)  
  77  5:46  Gateway  
  77  5:47  Sentry, Probe  
  77  5:48  Sentry, Gateway  
  77  5:49  Probe  
  83  5:52  Gateway  
  83  5:54  Gateway  
  83  5:56  Protoss Ground Weapons Level 1  
  83  5:59  Probe  
  83  6:00  Probe  
  83  6:01  Probe  
  90  6:04  Immortal  
  90  6:09  Pylon  
  90  6:11  Probe  
  90  6:12  Probe  
  90  6:13  Blink (Chrono Boost)  
  90  6:18  Probe  
  93  6:25  Sentry  
  93  6:26  Sentry  
  93  6:28  Pylon  
  93  6:29  Assimilator  
  97  6:33  Gateway  
  97  6:41  Immortal (Chrono Boost), Stalker  
  97  6:45  Pylon x2  
  103  6:51  Stalker x3  
  103  6:52  Stalker  
  111  7:03  Stalker  
  111  7:07  Photon Cannon  
  113  7:10  Assimilator  
  113  7:11  Stalker  
  113  7:14  Warp Prism (Chrono Boost)  
  113  7:15  Pylon  
  115  7:17  Pylon  
  115  7:19  Pylon  
  115  7:21  Sentry  
  119  7:26  Photon Cannon x2  
  119  7:42  Stalker x6  
  131  7:48  Stalker  
  131  7:56  Probe  
  124  8:06  Stalker  
  124  8:07  Stalker x5  
  132  8:30  Pylon  
  132  8:32  Stalker  
  132  8:33  Stalker x5  
  144  8:35  Probe x2  
  144  8:36  Probe  
  133  8:57  Stalker x6  
  133  9:02  Stalker  
  86  9:24  Probe x3  
  86  9:26  Stalker x5  
  86  9:27  Stalker x2  
  88  9:36  Probe  
  88  9:37  Dark Shrine  
  83  9:51  Stalker x4  
  83  9:52  Stalker  
  83  9:55  Sentry x2  
Show
View Real Time Build Order
Export as new Build Order

JimRising Zerg - Winner!

Build Orders: Hatch First, Muta Ling Bane 

Get SALT Encoding   

  12  0:00  Drone  
  13  0:13  Overlord  
  13  0:18  Drone  
  14  0:32  Drone x2  
  16  0:51  Hatchery  
  16  0:53  Drone  
  16  0:58  Drone  
  16  1:01  Drone  
  18  1:05  Extractor  
  17  1:20  Drone, Spawning Pool  
  17  1:24  Drone  
  18  1:29  Drone  
  19  1:40  Drone  
  20  1:53  Overlord  
  20  2:02  Drone  
  20  2:04  Drone  
  20  2:06  Queen  
  20  2:07  Queen  
  26  2:14  Metabolic Boost  
  26  2:17  Zergling x2  
  26  2:21  Zergling x2  
  28  2:27  Drone x2  
  30  2:34  Drone  
  30  2:35  Drone  
  32  2:49  Hatchery  
  31  2:52  Drone  
  31  2:53  Drone  
  31  2:57  Overlord  
  33  3:01  Zergling x2  
  34  3:06  Zergling x2  
  34  3:11  Zergling x2  
  36  3:14  Queen  
  36  3:15  Overlord  
  36  3:17  Drone  
  36  3:19  Zergling x2  
  40  3:21  Drone  
  40  3:24  Drone  
  42  3:31  Drone x2  
  42  3:33  Evolution Chamber  
  43  3:40  Drone x2  
  45  3:43  Spore Crawler  
  45  3:46  Drone  
  45  3:48  Drone x3  
  48  3:50  Drone x2  
  50  3:56  Queen  
  52  4:03  Spore Crawler  
  50  4:10  Drone x4  
  50  4:11  Drone  
  50  4:13  Spore Crawler  
  50  4:16  Zerg Melee Weapons Level 1  
  54  4:23  Drone x4  
  57  4:33  Drone  
  58  4:38  Overlord  
  58  4:39  Overlord  
  58  4:42  Roach Warren, Lair  
  55  4:47  Drone  
  55  4:48  Drone x2  
  58  4:56  Queen  
  58  4:58  Drone  
  58  4:59  Drone  
  62  5:00  Extractor  
  62  5:01  Drone x3  
  62  5:03  Drone x3  
  62  5:04  Drone  
  68  5:08  Zergling x4  
  68  5:09  Zergling x2  
  68  5:13  Drone x2  
  68  5:14  Extractor x2  
  72  5:16  Drone  
  72  5:18  Baneling Nest  
  70  5:25  Drone x2, Extractor  
  70  5:26  Drone x2  
  70  5:28  Overlord  
  72  5:38  Queen, Extractor  
  73  5:43  Spire  
  73  5:45  Drone, Overlord  
  73  5:46  Overlord  
  73  5:49  Drone  
  75  5:50  Drone x4  
  75  5:51  Drone  
  75  5:52  Roach  
  81  6:00  Centrifical Hooks  
  81  6:05  Zergling x12  
  87  6:12  Zerg Melee Weapons Level 2  
  87  6:18  Overlord  
  87  6:19  Zergling x4  
  87  6:20  Overlord  
  88  6:27  Drone  
  88  6:29  Overlord  
  88  6:30  Overlord  
  89  6:37  Overseer  
  89  6:40  Overlord x2  
  89  6:43  Drone  
  89  6:44  Drone  
  89  6:45  Extractor, Hatchery  
  89  6:48  Extractor  
  88  6:57  Mutalisk  
  88  6:58  Mutalisk x5  
  88  7:00  Mutalisk  
  102  7:06  Mutalisk x2  
  106  7:09  Zergling x4  
  106  7:10  Drone  
  106  7:11  Drone  
  111  7:15  Drone  
  111  7:16  Mutalisk  
  111  7:18  Zergling x4  
  111  7:21  Roach  
  117  7:24  Baneling  
  117  7:25  Zergling x2, Baneling x6  
  118  7:32  Roach  
  118  7:33  Roach x2, Zergling x2  
  118  7:35  Drone  
  126  7:47  Baneling x12  
  126  7:48  Overlord x3  
  122  8:00  Zergling x10  
  122  8:01  Roach x3  
  122  8:02  Roach  
  133  8:11  Mutalisk x3  
  135  8:16  Drone x3  
  138  8:21  Mutalisk  
  138  8:23  Zergling x10  
  138  8:24  Zergling x6  
  148  8:30  Ravager x2  
  148  8:33  Zergling x2  
  148  8:34  Overlord x2  
  150  8:44  Zergling x2  
  150  8:45  Zergling x4  
  150  8:47  Zergling x12  
  145  8:50  Baneling  
  145  8:51  Baneling x8  
  145  8:52  Overlord x2  
  145  8:55  Zergling x6  
  146  8:59  Zergling x6  
  146  9:00  Baneling x2  
  146  9:01  Zergling x2, Baneling  
  149  9:05  Zergling x4  
  143  9:14  Zergling x6  
  143  9:15  Zergling x6  
  131  9:18  Zergling x8  
  131  9:22  Zergling x2  
  125  9:25  Zergling x2  
  121  9:33  Zergling x6  
  121  9:34  Zergling x10  
  121  9:36  Zergling x4  
  128  9:42  Drone x5  
  128  9:44  Infestation Pit  
  130  9:46  Extractor  
  130  9:52  Mutalisk x2  
  127  9:53  Mutalisk x3  
  127  9:57  Mutalisk  
  138  10:04  Zergling x10  
  138  10:05  Zergling x4  

Tags
 
Add a new tag
Caveats
  • Supply blocks, unpowered buildings, or Contaminate may cause inaccurate times.
  • Supply counts are checked every 10 seconds.